 Dungeon Crawl Stone Soup version 0.27.1-34-g3ba077fa99 (webtiles) character file.

Game seed: 2394828910331618724

16 cbfl8 the Sneak (level 2, -3/27 HPs)
             Began as a Minotaur Delver on Jan 14, 2022.
             Was an Initiate of Yredelemnul.
             Slain by a gnoll (16 damage)
             ... on level 4 of the Dungeon.
             The game lasted 00:02:19 (706 turns).

cbfl8 the Sneak (Minotaur Delver)                    Turns: 706, Time: 00:02:20

Health: -3/27      AC:  3    Str: 16    XL:     2   Next: 37%
Magic:  1/1        EV: 12    Int:  7    God:    Yredelemnul [......]
Gold:   16         SH:  0    Dex: 11    Spells: 1/1 levels left

rFire    . . .     SeeInvis .   a - +0 hand axe
rCold    . . .     Faith    .   (no shield)
rNeg     . . .     Spirit   .   b - +0 leather armour
rPois    .         Reflect  .   (helmet restricted)
rElec    .         Harm     .   (no cloak)
rCorr    .         Rampage  .   (no gloves)
Will     .....                  (no boots)
Stlth    ++........             (no amulet)
HPRegen  0.09/turn              (no ring)
MPRegen  0.07/turn              (no ring)

@: no status effects
A: horns 2, retaliatory headbutt
a: Renounce Religion


You were on level 4 of the Dungeon.
You worshipped Yredelemnul.
Yredelemnul was noncommittal.
You visited 2 branches of the dungeon, and saw 3 of its levels.

You collected 16 gold pieces.

Inventory:

Hand Weapons
 a - a +0 hand axe (weapon)
 i - a +0 dagger
Armour
 b - a +0 leather armour (worn)
Wands
 g - a wand of digging (3)
Scrolls
 c - a scroll of fog
 d - a scroll of magic mapping
 e - a scroll of fear
Potions
 f - a potion of haste
 h - a potion of brilliance {unknown}


   Skills:
 + Level 3.7 Fighting
 + Level 2.5 Axes
 + Level 0.1 Armour
 + Level 2.3 Dodging
 + Level 4.5 Stealth


You had one spell level left.
You didn't know any spells.
Your spell library was empty.

Dungeon Overview and Level Annotations

Branches:
Dungeon (5/15)             Temple (1/1) D:5

Altars:
Ashenzari
Cheibriados
Dithmenos
Gozag
Hepliaklqana
Kikubaaqudgha
Nemelex Xobeh
Okawaru
Ru
Sif Muna
Trog
Wu Jian
Xom
Yredelemnul
Zin
The Shining One

Annotations:
D:5 Sigmund


Innate Abilities, Weirdness & Mutations

You have a pair of horns on your head.
You reflexively headbutt those who attack you in melee.


Message History

You kill the ball python!
Yredelemnul accepts your kill.
You slash the hound skeleton!
The hound skeleton is moderately damaged.
The hound skeleton bites you but does no damage. x2
You hit the hound skeleton.
The hound skeleton is heavily damaged.
The hound skeleton bites you but does no damage.
You hit the hound skeleton. You headbutt the hound skeleton.
The hound skeleton is severely damaged.
The hound skeleton bites you. The hound skeleton closely misses you.
You hit the hound skeleton.
The hound skeleton is almost destroyed.
The hound skeleton closely misses you.
You hit the hound skeleton but do no damage.
The hound skeleton is almost destroyed.
The hound skeleton closely misses you. The hound skeleton barely misses you.
You furiously retaliate!
You headbutt the hound skeleton!
You destroy the hound skeleton!
Yredelemnul accepts your kill.
You have reached level 2!
You start resting.
HP restored.
You start waiting.
Done waiting.
The gnoll shouts!
A gnoll comes into view. It is wielding a +0 flail.
The gnoll shouts!
You hear a shout!
A gnoll comes into view. It is wielding a +0 club.
A ball python comes into view.
The gnoll closely misses you.
You closely miss the gnoll. Your headbutt misses the gnoll.
The gnoll hits you with a +0 halberd!
You barely miss the gnoll. The gnoll hits you with a +0 halberd.
You hit the gnoll. Your headbutt misses the gnoll.
The gnoll is moderately wounded.
The gnoll hits you with a +0 halberd!
Ouch! That really hurt!
You die...
Your body rises from the dead as a mindless zombie.

...#.# #..#.# .....#
####....# #.g.gg..##
#.#......#.#
#.#.>..$....
#S########.#..#.#g###
#.......@gg#..#.# #
############..# #
#..# #..# #..# #..#
#..# #..# ####


You could see 2 gnolls and a ball python (asleep).

Vanquished Creatures
  A hound skeleton (D:4)
  An orc (D:5)
  A ball python (D:4)
3 creatures vanquished.

Notes
Turn   | Place    | Note
-------+----------+-------------------------------------------
     0 | D:5      | cbfl8 the Minotaur Delver began the quest for the Orb.
     0 | D:5      | Reached XP level 1. HP: 19/19 MP: 0/0
    51 | D:5      | Found a staircase to the Ecumenical Temple.
    62 | Temple   | Entered the Ecumenical Temple
   249 | Temple   | Became a worshipper of Yredelemnul the Dark
   272 | D:5      | Noticed Sigmund
   571 | D:4      | Reached XP level 2. HP: 26/27 MP: 1/1
   706 | D:4      | Slain by a gnoll

Illustrated notes

Levels and vault maps discovered:
D:4:      layout_basic, makhleb_altar_promises_db
D:5:      layout_rooms, nicolae_qazlal_general_emergency, lemuel_doored_altar,
          minmay_temple_entry_antechambers, minivault_4,
          uniq_crazy_yiuf_cottage, uniq_sigmund
Temple:   regret_index_temple_sphere_string

Action                   || total
-------------------------++-------
Melee: Hand axe          ||    11
       Headbutt          ||     1
Armor: Leather armour    ||     5
Dodge: Dodged            ||     7
